[Event "RUS-ch Women Rapid 2019"]
[Site "Sochi"]
[Date "2019.10.16"]
[Round "10.9"]
[White "Vasilevich, Tatjana"]
[Black "Styazhkina, Anna"]
[Result "0-1"]
[ECO "A06"]
[WhiteElo "2265"]
[BlackElo "2280"]
[Annotator "NA"]
[PlyCount "98"]
[EventDate "2019.10.15"]
[EventType "swiss"]
[EventCountry "RUS"]
[SourceTitle "playchess.com"]
[Source "ChessBase"]
[SourceQuality "1"]
[TimeControl "900+10"]

1. Nf3 d5 2. g3 c6 3. Bg2 Bg4 4. O-O Nd7 5. d3 e6 6. Nbd2 Bd6 7. e4 Ne7 8. Re1 O-O 9. Qe2 h6 10. h3 Bh5 11. Nf1 Re8 12. g4 Bg6 13. e5 Bc7 14. Bf4 c5 15. c4 Nc6 16. Bg3 Nb6 17. Red1 Qd7 18. Rac1 Rad8 19. b3 a5 20. Ne3 a4 21. cxd5 exd5 22. Rxc5 axb3 23. axb3 d4 24. Nc4 Nd5 25. Qb2 b6 26. Rxc6 Qxc6 27. Nxd4 Qc5 28. Nf3 b5 29. d4 Qb4 30. Ne3 Nc3 31. Rc1 Ba5 32. Nh4 Bd3 33. Kh2 Ne2 34. Rd1 Rxd4 35. Nd5 Qc5 36. Rxd3 Rxd3 37. b4 Bxb4 38. Nxb4 Rc3 39. Na6 Rc2 40. Qb3 Qc4 41. Qe3 Nxg3 42. Qxg3 Ra2 43. Bb7 Re6 44. Qf3 Rexa6 45. Bd5 Qc7 46. Nf5 R2a3 47. Qe4 R6a4 48. Qe1 Qc3 49. Qxc3 Rxc3 0-1

[Event "RUS-ch Women Rapid 2019"]
[Site "Sochi"]
[Date "2019.10.16"]
[Round "10.10"]
[White "Borisova, Ekaterina"]
[Black "Murashova, Ekaterina"]
[Result "1-0"]
[ECO "A40"]
[WhiteElo "2347"]
[BlackElo "2248"]
[Annotator "NA"]
[PlyCount "35"]
[EventDate "2019.10.15"]
[EventType "swiss"]
[EventCountry "RUS"]
[SourceTitle "playchess.com"]
[Source "ChessBase"]
[SourceQuality "1"]
[TimeControl "900+10"]

1. d4 g6 2. c4 Bg7 3. g3 d6 4. Nf3 Nd7 5. Bg2 e5 6. Nc3 Ne7 7. O-O O-O 8. e4 h6 9. Be3 f5 10. Qd2 Kh7 11. Rad1 fxe4 12. Nxe4 Nf5 13. dxe5 Nxe3 14. Qxe3 Nxe5 15. Nxe5 Bxe5 16. c5 Qe7 17. f4 Bxb2 18. Ng5+ 1-0

[Event "RUS-ch Women Rapid 2019"]
[Site "Sochi"]
[Date "2019.10.16"]
[Round "10.11"]
[White "Filippova, Darya"]
[Black "Gritsayeva, Oksana"]
[Result "1/2-1/2"]
[ECO "A30"]
[WhiteElo "2034"]
[BlackElo "2260"]
[Annotator "NA"]
[PlyCount "128"]
[EventDate "2019.10.15"]
[EventType "swiss"]
[EventCountry "RUS"]
[SourceTitle "playchess.com"]
[Source "ChessBase"]
[SourceQuality "1"]
[TimeControl "900+10"]

1. c4 Nf6 2. Nc3 c5 3. g3 e6 4. Nf3 b6 5. Bg2 Bb7 6. O-O Be7 7. Re1 Ne4 8. d4 Nxc3 9. bxc3 d6 10. Qa4+ Qd7 11. Qc2 Nc6 12. d5 Na5 13. dxe6 fxe6 14. Qd3 Bf6 15. Bh3 Qe7 16. e4 O-O 17. Bg2 Rad8 18. Bf4 g5 19. Be3 Qg7 20. Rac1 g4 21. Nd2 Nc6 22. f4 gxf3 23. Nxf3 Ne5 24. Nxe5 Bxe5 25. Rf1 Rxf1+ 26. Rxf1 Bxc3 27. Bh3 Bc8 28. Kg2 Bd4 29. Bc1 Rf8 30. Rf4 Rxf4 31. Bxf4 Qf6 32. Qf3 Be5 33. Qg4+ Qg6 34. Qxg6+ hxg6 35. Bxe5 dxe5 36. Kf3 Kf7 37. Bf1 Bd7 38. h4 Ba4 39. Be2 a6 40. Ke3 b5 41. Kd3 b4 42. g4 a5 43. g5 Bc6 44. Bd1 Ke7 45. Bc2 Kd6 46. Bd1 Be8 47. Bc2 a4 48. Bd1 Kc7 49. Bc2 Bc6 50. Bd1 Kd8 51. Bc2 Be8 52. Bd1 Kc7 53. Bc2 Kb6 54. Bd1 Ka5 55. Bc2 b3 56. axb3 axb3 57. Bxb3 Kb4 58. Bd1 Bf7 59. Bg4 Kb3 60. Bh3 Kb2 61. Kd2 Kb3 62. Kd3 Kb2 63. Kd2 Kb3 64. Kd3 Kb2 1/2-1/2

[Event "RUS-ch Women Rapid 2019"]
[Site "Sochi"]
[Date "2019.10.16"]
[Round "10.12"]
[White "Shafigullina, Zarina"]
[Black "Trapeznikova, Darya"]
[Result "1-0"]
[ECO "D02"]
[WhiteElo "2295"]
[BlackElo "2052"]
[Annotator "NA"]
[PlyCount "103"]
[EventDate "2019.10.15"]
[EventType "swiss"]
[EventCountry "RUS"]
[SourceTitle "playchess.com"]
[Source "ChessBase"]
[SourceQuality "1"]
[TimeControl "900+10"]

1. d4 d5 2. Nf3 c6 3. g3 Nf6 4. Bg2 e6 5. O-O Bd6 6. Nbd2 O-O 7. c4 Nbd7 8. Re1 b6 9. Qc2 Bb7 10. b3 Rc8 11. e4 dxe4 12. Nxe4 Nxe4 13. Qxe4 Nf6 14. Qe2 c5 15. Rd1 Qe7 16. Bb2 Rfd8 17. Rd2 cxd4 18. Nxd4 Bxg2 19. Kxg2 Bc5 20. Rad1 Qb7+ 21. Qf3 Qxf3+ 22. Kxf3 Bb4 23. Re2 Rd7 24. a3 Bc5 25. Red2 Rcd8 26. b4 Be7 27. Nb3 Rxd2 28. Rxd2 Rxd2 29. Nxd2 Kf8 30. Nb3 Ke8 31. Nd4 Kd7 32. h3 a6 33. Ke3 h5 34. Nf3 Ke8 35. Ne5 g6 36. Bd4 a5 37. Nc6 axb4 38. Nxe7 Kxe7 39. Bxf6+ Kxf6 40. axb4 Ke5 41. f4+ Kd6 42. Ke4 f6 43. Kd4 Kc6 44. g4 hxg4 45. hxg4 Kd6 46. g5 e5+ 47. fxe5+ fxe5+ 48. Ke4 Ke6 49. c5 b5 50. c6 Kd6 51. c7 Kxc7 52. Kxe5 1-0

[Event "RUS-ch Women Rapid 2019"]
[Site "Sochi"]
[Date "2019.10.16"]
[Round "11.1"]
[White "Pogonina, Natalija"]
[Black "Goltseva, Ekaterina"]
[Result "0-1"]
[ECO "D21"]
[WhiteElo "2501"]
[BlackElo "2317"]
[Annotator "ChessBase"]
[PlyCount "80"]
[EventDate "2019.10.15"]
[EventType "swiss"]
[EventCountry "RUS"]
[SourceTitle "playchess.com"]
[Source "ChessBase"]
[SourceQuality "1"]
[TimeControl "900+10"]

1. d4 d5 2. c4 dxc4 3. Nf3 a6 4. a4 Nf6 5. e3 Bg4 6. h3 Bh5 7. Bxc4 e6 8. O-O Nc6 9. Nc3 Bd6 10. Be2 O-O 11. e4 Bxf3 12. Bxf3 Nxd4 13. e5 Nxf3+ 14. Qxf3 Bxe5 15. Qxb7 Qd3 16. Qc6 Qd6 17. Qc4 Rfd8 18. Be3 Nd5 19. Bg5 f6 20. Be3 Rab8 21. Ne4 Qb4 22. Qxb4 Rxb4 23. Nc5 Nxe3 24. fxe3 Rxb2 25. Rad1 Rxd1 26. Rxd1 Bd6 27. Nxe6 Rb4 28. Rc1 Rxa4 29. Nxc7 Ra2 30. Ne6 a5 31. Nd4 a4 32. Nf5 Be5 33. Rc4 a3 34. Ra4 g6 35. Nh6+ Kg7 36. Ng4 Bg3 37. Ra7+ Kf8 38. Kf1 h5 39. Nh6 Rf2+ 40. Kg1 Re2 0-1

[Event "RUS-ch Women Rapid 2019"]
[Site "Sochi"]
[Date "2019.10.16"]
[Round "11.2"]
[White "Voit, Daria"]
[Black "Kovanova, Baira"]
[Result "1-0"]
[ECO "E11"]
[WhiteElo "2361"]
[BlackElo "2288"]
[Annotator "NA"]
[PlyCount "51"]
[EventDate "2019.10.15"]
[EventType "swiss"]
[EventCountry "RUS"]
[SourceTitle "playchess.com"]
[Source "ChessBase"]
[SourceQuality "1"]
[TimeControl "900+10"]

1. d4 Nf6 2. Nf3 e6 3. c4 Bb4+ 4. Bd2 c5 5. Bxb4 cxb4 6. e3 Nc6 7. Nbd2 O-O 8. Qc2 a5 9. Bd3 d6 10. O-O e5 11. h3 Re8 12. Rfd1 Qb6 13. c5 dxc5 14. dxc5 Qc7 15. Ne4 Nxe4 16. Bxe4 h6 17. Rd6 a4 18. Bxc6 bxc6 19. Qe4 Be6 20. Qxc6 Qe7 21. Qb5 Reb8 22. Rb6 Rc8 23. c6 b3 24. axb3 Bxb3 25. Qxe5 Qa7 26. Rxb3 1-0

[Event "RUS-ch Women Rapid 2019"]
[Site "Sochi"]
[Date "2019.10.16"]
[Round "11.3"]
[White "Chernyak, Viktoria"]
[Black "Bodnaruk, Anastasia"]
[Result "0-1"]
[ECO "A26"]
[WhiteElo "2284"]
[BlackElo "2449"]
[Annotator "NA"]
[PlyCount "106"]
[EventDate "2019.10.15"]
[EventType "swiss"]
[EventCountry "RUS"]
[SourceTitle "playchess.com"]
[Source "ChessBase"]
[SourceQuality "1"]
[TimeControl "900+10"]

1. c4 e5 2. g3 Nc6 3. Bg2 g6 4. Nc3 Bg7 5. d3 d6 6. e4 f5 7. Nge2 Nf6 8. O-O O-O 9. exf5 Bxf5 10. Nd5 Nxd5 11. Bxd5+ Kh8 12. Be3 Qd7 13. Qd2 Bh3 14. Rfe1 Qf5 15. Be4 Qh5 16. b4 Rad8 17. b5 Ne7 18. Kh1 d5 19. cxd5 Nxd5 20. Ng1 Bf5 21. Bf3 Bg4 22. Bg2 Nxe3 23. fxe3 e4 24. d4 Qxb5 25. Bxe4 c5 26. Rab1 Qa4 27. Rxb7 cxd4 28. exd4 Rxd4 29. Qg2 Qa5 30. Rf1 Rdd8 31. h3 Bc8 32. Rbb1 Be6 33. Rb7 Rxf1 34. Qxf1 Qxa2 35. Qf4 Qa1 36. Rb8 Rg8 37. Rb7 Bd4 38. Rb1 Qa4 39. Bg2 Rd8 40. Nf3 Bf5 41. Rb8 Qd1+ 42. Kh2 Bg7 43. Rb7 h6 44. Rxa7 Rc8 45. g4 Be6 46. Rc7 Rd8 47. Ne5 Qb1 48. Nf3 Qa1 49. Qe4 Bd5 50. Qe7 Rg8 51. Ra7 Qb2 52. Qe3 Bxf3 53. Qxf3 Qb8+ 0-1

[Event "RUS-ch Women Rapid 2019"]
[Site "Sochi"]
[Date "2019.10.16"]
[Round "11.4"]
[White "Charochkina, Daria"]
[Black "Sukhareva, Evgeniya"]
[Result "1-0"]
[ECO "A45"]
[WhiteElo "2289"]
[BlackElo "2122"]
[Annotator "NA"]
[PlyCount "49"]
[EventDate "2019.10.15"]
[EventType "swiss"]
[EventCountry "RUS"]
[SourceTitle "playchess.com"]
[Source "ChessBase"]
[SourceQuality "1"]
[TimeControl "900+10"]

1. d4 Nf6 2. Bg5 c5 3. Nc3 cxd4 4. Qxd4 Nc6 5. Qd2 e6 6. O-O-O Be7 7. e4 a6 8. f4 d6 9. Nf3 Qc7 10. Kb1 O-O 11. g4 Nxg4 12. Bxe7 Qxe7 13. Rg1 Nf6 14. e5 dxe5 15. fxe5 Ne8 16. Ne4 Kh8 17. Bd3 Nb4 18. Rxg7 Kxg7 19. Rg1+ Kh8 20. Nf6 Nxf6 21. Qh6 Rg8 22. Rxg8+ Kxg8 23. exf6 Qxf6 24. Bxh7+ Kh8 25. Qxf6+ 1-0

[Event "RUS-ch Women Rapid 2019"]
[Site "Sochi"]
[Date "2019.10.16"]
[Round "11.5"]
[White "Styazhkina, Anna"]
[Black "Borisova, Ekaterina"]
[Result "0-1"]
[ECO "B53"]
[WhiteElo "2280"]
[BlackElo "2347"]
[Annotator "NA"]
[PlyCount "102"]
[EventDate "2019.10.15"]
[EventType "swiss"]
[EventCountry "RUS"]
[SourceTitle "playchess.com"]
[Source "ChessBase"]
[SourceQuality "1"]
[TimeControl "900+10"]

1. e4 c5 2. Nf3 d6 3. d4 cxd4 4. Qxd4 Nc6 5. Bb5 Bd7 6. Qd3 Nf6 7. c4 g6 8. Nc3 Bg7 9. O-O O-O 10. h3 a6 11. Bxc6 Bxc6 12. Be3 Rc8 13. Rac1 Nd7 14. Nd4 Nc5 15. Qb1 Ne6 16. Rfd1 Nxd4 17. Bxd4 Bh6 18. Rc2 b5 19. c5 b4 20. Nd5 e5 21. Be3 Bxe3 22. fxe3 Bxd5 23. Rxd5 Qg5 24. Qc1 dxc5 25. Rcxc5 Rxc5 26. Qxc5 Re8 27. Rd3 a5 28. Qxa5 Rc8 29. Qa4 Qg3 30. Qd1 Rc4 31. a3 bxa3 32. bxa3 Rxe4 33. Qf3 Qe1+ 34. Kh2 f5 35. a4 h5 36. Rb3 h4 37. Rb8+ Kg7 38. Rb3 Kh6 39. Ra3 Rb4 40. e4 f4 41. Ra1 Qxa1 42. Qf2 g5 43. Qc5 Qd4 44. Qc6+ Kg7 45. Qc7+ Kf6 46. Qc6+ Ke7 47. Qc7+ Ke6 48. Qc6+ Qd6 49. Qe8+ Qe7 50. Qc8+ Kf7 51. Qf5+ Kg7 0-1

[Event "RUS-ch Women Rapid 2019"]
[Site "Sochi"]
[Date "2019.10.16"]
[Round "11.6"]
[White "Garifullina, Leya"]
[Black "Ambartsumova, Karina"]
[Result "0-1"]
[ECO "C65"]
[WhiteElo "2330"]
[BlackElo "2336"]
[Annotator "NA"]
[PlyCount "172"]
[EventDate "2019.10.15"]
[EventType "swiss"]
[EventCountry "RUS"]
[SourceTitle "playchess.com"]
[Source "ChessBase"]
[SourceQuality "1"]
[TimeControl "900+10"]

1. e4 e5 2. Nf3 Nc6 3. Bb5 Nf6 4. d3 d6 5. O-O Bd7 6. c3 g6 7. Nbd2 Bg7 8. d4 O-O 9. dxe5 Nxe5 10. Bxd7 Nexd7 11. Re1 Re8 12. Qc2 a5 13. Nf1 Nc5 14. Ng3 Qd7 15. Bg5 h6 16. Bxf6 Bxf6 17. Rad1 Qb5 18. Nd4 Qb6 19. Nde2 Ne6 20. Nc1 Bg7 21. Nd3 Rad8 22. c4 c6 23. b3 Qa7 24. Qd2 a4 25. Nf4 Nd4 26. Nfe2 Nxe2+ 27. Rxe2 axb3 28. axb3 Qa3 29. Re3 Bf8 30. Rd3 Ra8 31. Qf4 Qb2 32. h3 Qe5 33. Qg4 h5 34. Qd7 Rab8 35. Rf3 Qe7 36. Qxe7 Bxe7 37. Rfd3 Ra8 38. Nf1 Bf8 39. f3 Ra2 40. R1d2 Rea8 41. Rxa2 Rxa2 42. h4 Be7 43. g3 Kf8 44. Rd2 Ra3 45. Rd3 Ke8 46. Kf2 Ra2+ 47. Rd2 Rxd2+ 48. Nxd2 Kd7 49. Ke3 Bd8 50. Nb1 Bb6+ 51. Kf4 Bf2 52. Nc3 Be1 53. Nd1 Bd2+ 54. Ne3 f6 55. g4 g5+ 56. hxg5 fxg5+ 57. Kxg5 Bxe3+ 58. Kxh5 Ke6 59. g5 b5 60. cxb5 cxb5 61. Kg4 Ke5 62. g6 Kf6 63. g7 Kxg7 64. Kf5 Kf7 65. e5 dxe5 66. Kxe5 b4 67. Kf5 Bd4 68. Ke4 Bc3 69. Kf5 Ke7 70. f4 Bd2 71. Ke4 Kf6 72. f5 Bc1 73. Kd3 Kxf5 74. Kc4 Bd2 75. Kd3 Bc3 76. Ke3 Ke5 77. Kd3 Kf4 78. Kc2 Ke3 79. Kc1 Bf6 80. Kc2 Ke2 81. Kc1 Kd3 82. Kb1 Kc3 83. Ka2 Be7 84. Kb1 Kxb3 85. Ka1 Bf6+ 86. Kb1 Ka3 0-1

[Event "RUS-ch Women Rapid 2019"]
[Site "Sochi"]
[Date "2019.10.16"]
[Round "11.7"]
[White "Guseva, Marina"]
[Black "Gvanceladze, Anna"]
[Result "0-1"]
[ECO "D94"]
[WhiteElo "2335"]
[BlackElo "2270"]
[Annotator "NA"]
[PlyCount "101"]
[EventDate "2019.10.15"]
[EventType "swiss"]
[EventCountry "RUS"]
[SourceTitle "playchess.com"]
[Source "ChessBase"]
[SourceQuality "1"]
[TimeControl "900+10"]

1. d4 d5 2. c4 c6 3. Nc3 Nf6 4. e3 g6 5. Bd3 Bg7 6. Nf3 O-O 7. O-O Bg4 8. h3 Bxf3 9. Qxf3 e6 10. Rd1 Nbd7 11. Bf1 a6 12. b3 Re8 13. Bb2 Rc8 14. Rac1 Qe7 15. Qe2 h5 16. g3 Nf8 17. Bg2 N8h7 18. Qc2 Rcd8 19. a4 Ng5 20. f4 Ngh7 21. Nb1 Qd7 22. Nd2 Qe7 23. Kh2 Qd6 24. Nf3 Ne4 25. Ne5 Nhf6 26. Ra1 Qb8 27. b4 Nd6 28. c5 Nf5 29. Re1 Nd7 30. Bc3 Re7 31. Qf2 Nf8 32. Reb1 f6 33. Nf3 Nd7 34. Kg1 e5 35. g4 hxg4 36. hxg4 Nh6 37. Nh2 exf4 38. exf4 Rde8 39. Re1 f5 40. gxf5 Nxf5 41. Rxe7 Rxe7 42. Ng4 a5 43. Ne5 Nxe5 44. fxe5 axb4 45. Bxb4 Nxd4 46. Qxd4 Bxe5 47. Qd1 Bh2+ 48. Kh1 Qf4 49. Qf3 Qh4 50. Bc3 Be5+ 51. Bh3 0-1

[Event "RUS-ch Women Rapid 2019"]
[Site "Sochi"]
[Date "2019.10.16"]
[Round "11.8"]
[White "Bivol, Alina"]
[Black "Dumcheva, Julia"]
[Result "1-0"]
[ECO "E68"]
[WhiteElo "2283"]
[BlackElo "2168"]
[Annotator "NA"]
[PlyCount "83"]
[EventDate "2019.10.15"]
[EventType "swiss"]
[EventCountry "RUS"]
[SourceTitle "playchess.com"]
[Source "ChessBase"]
[SourceQuality "1"]
[TimeControl "900+10"]

1. c4 Nf6 2. g3 g6 3. d4 Bg7 4. Bg2 O-O 5. Nc3 d6 6. Nf3 Nbd7 7. O-O e5 8. e4 c6 9. Re1 Qc7 10. h3 Re8 11. Be3 Nf8 12. Qc2 Be6 13. b3 Qa5 14. Rad1 Rad8 15. dxe5 dxe5 16. Na4 b6 17. Bd2 Qa6 18. Nxe5 Qc8 19. Kh2 Nh5 20. Nf3 Qc7 21. Bg5 f6 22. Bc1 Bf7 23. Rxd8 Rxd8 24. Rd1 Re8 25. Nc3 Ne6 26. Be3 Bf8 27. Ne2 Bd6 28. Kg1 Nc5 29. Nfd4 Ne6 30. Nxe6 Bxe6 31. c5 Be7 32. cxb6 axb6 33. Nd4 Bd7 34. Nb5 Qc8 35. Nd6 Bxd6 36. Rxd6 Bxh3 37. Qxc6 Bxg2 38. Kxg2 Qb8 39. Qd5+ Kh8 40. Rxb6 Qc8 41. Rb7 Nxg3 42. Qf7 1-0

[Event "RUS-ch Women Rapid 2019"]
[Site "Sochi"]
[Date "2019.10.16"]
[Round "11.9"]
[White "Ovod, Evgenija"]
[Black "Lysenko, Margarita"]
[Result "1/2-1/2"]
[ECO "B22"]
[WhiteElo "2347"]
[BlackElo "2243"]
[Annotator "NA"]
[PlyCount "99"]
[EventDate "2019.10.15"]
[EventType "swiss"]
[EventCountry "RUS"]
[SourceTitle "playchess.com"]
[Source "ChessBase"]
[SourceQuality "1"]
[TimeControl "900+10"]

1. e4 c5 2. c3 g6 3. d4 cxd4 4. cxd4 d5 5. e5 a6 6. Nc3 Nc6 7. h3 Bg7 8. Nf3 f6 9. exf6 Nxf6 10. Bd3 O-O 11. O-O Nh5 12. Bc2 Kh8 13. Bb3 Be6 14. Re1 Bg8 15. Bg5 Nf4 16. Bh4 b5 17. Rc1 Qd7 18. Bg3 Rac8 19. Kh2 Qf5 20. Ne2 Nxg2 21. Kxg2 Qxf3+ 22. Kh2 Qh5 23. Rc3 b4 24. Re3 e5 25. dxe5 Nxe5 26. Nf4 Qxd1 27. Rxd1 Nc4 28. Re7 Nxb2 29. Rb1 Nc4 30. Ne6 Bxe6 31. Rxe6 a5 32. Rd1 d4 33. Ra6 Rfe8 34. Bxc4 Rxc4 35. Rxa5 Rc2 36. Rb1 d3 37. Rd5 d2 38. Rxb4 Rxa2 39. Rb3 h5 40. Rbd3 Bh6 41. Kg2 Rc2 42. Be5+ Kg8 43. h4 Rc1 44. f4 Rc4 45. Kf3 Rf8 46. R5d4 Rxd4 47. Rxd4 Bg7 48. Bxg7 Kxg7 49. Rxd2 Rf5 50. Ke4 1/2-1/2

[Event "RUS-ch Women Rapid 2019"]
[Site "Sochi"]
[Date "2019.10.16"]
[Round "11.10"]
[White "Fominykh, Maria"]
[Black "Shafigullina, Zarina"]
[Result "1-0"]
[ECO "E15"]
[WhiteElo "2206"]
[BlackElo "2295"]
[Annotator "NA"]
[PlyCount "85"]
[EventDate "2019.10.15"]
[EventType "swiss"]
[EventCountry "RUS"]
[SourceTitle "playchess.com"]
[Source "ChessBase"]
[SourceQuality "1"]
[TimeControl "900+10"]

1. d4 Nf6 2. Nf3 e6 3. c4 b6 4. g3 Ba6 5. Qc2 c5 6. Bg2 Bb7 7. dxc5 Bxc5 8. O-O Nc6 9. a3 Rc8 10. Nc3 Ba8 11. Rd1 O-O 12. Bg5 Be7 13. e4 Ng4 14. Bxe7 Qxe7 15. Nb5 Nce5 16. Nxe5 Nxe5 17. b3 a6 18. Nd6 Rc6 19. Qd2 f6 20. a4 Rc7 21. a5 Rb8 22. f4 Nc6 23. axb6 Rxb6 24. Qe3 Rb8 25. Rxa6 e5 26. Rb6 Rf8 27. Nf5 Qd8 28. c5 g6 29. Nd6 Nd4 30. b4 Ra7 31. Nb5 Nxb5 32. Rxb5 Qc7 33. Rb6 f5 34. Rbd6 exf4 35. gxf4 Qb8 36. Qb3+ Kh8 37. Qc3+ Kg8 38. Rxd7 Rxd7 39. Rxd7 Rf7 40. Qc4 Qe8 41. Rxf7 Qxf7 42. Qxf7+ Kxf7 43. exf5 1-0

[Event "RUS-ch Women Rapid 2019"]
[Site "Sochi"]
[Date "2019.10.16"]
[Round "11.12"]
[White "Afonasieva, Anna"]
[Black "Vasilevich, Tatjana"]
[Result "1/2-1/2"]
[ECO "E15"]
[WhiteElo "2312"]
[BlackElo "2265"]
[Annotator "NA"]
[PlyCount "70"]
[EventDate "2019.10.15"]
[EventType "swiss"]
[EventCountry "RUS"]
[SourceTitle "playchess.com"]
[Source "ChessBase"]
[SourceQuality "1"]
[TimeControl "900+10"]

1. d4 Nf6 2. Nf3 e6 3. c4 b6 4. g3 Ba6 5. b3 Bb4+ 6. Bd2 Be7 7. Bg2 Bb7 8. O-O O-O 9. Nc3 Ne4 10. Nxe4 Bxe4 11. Bc3 d6 12. Ne1 Bxg2 13. Kxg2 f5 14. Nd3 Qe8 15. f3 Nd7 16. Nf4 Bg5 17. Bd2 Bf6 18. Be3 g5 19. Nh3 Qg6 20. Rc1 Rad8 21. Qd2 h6 22. Qd3 Qg7 23. Bf2 Kh8 24. e4 fxe4 25. fxe4 c5 26. Rcd1 cxd4 27. Bxd4 Be5 28. Bxe5 Nxe5 29. Qe2 Nc6 30. Nf2 Nd4 31. Qd3 e5 32. Ng4 Rxf1 33. Rxf1 Rf8 34. Ne3 Kg8 35. Nd5 g4 1/2-1/2